2960 views
Uploaded 2020-02-14 22:00:31
Game version 1.32 / 1.32.1
12:45 long 4on4 ladder game on (8)GolemsInTheMist_LV
Saved by BEARAND
2960 views
Uploaded 2020-02-14 22:00:31
Game version 1.32 / 1.32.1
12:45 long 4on4 ladder game on (8)GolemsInTheMist_LV


89 units @ 12.5k
/ 1.5k
43 buildings @ 7.4k
/ 2.5k


| Rod of Necromancy | 1 | 150 |
| Potion of Healing | 2 | 300 |
| Dust of Appearance | 1 | 75 |
| total: | 4 | 525g |
| Acolyte | 7 | 525 | / | 0 |
| Ghoul | 1 | 120 | / | 0 |
| Crypt Fiend | 6 | 1290 | / | 240 |
| Obsidian Statue | 1 | 200 | / | 35 |
| Meat Wagon | 2 | 460 | / | 100 |
| Goblin Shredder | 1 | 375 | / | 100 |
| Goblin Zeppelin | 1 | 240 | / | 60 |
| total: | 19 | 3210g | / | 535w |
| Nerubian Tower | 1 | 100 | / | 20 |
| Spirit Tower | 1 | 145 | / | 40 |
| Crypt | 1 | 200 | / | 50 |
| Graveyard | 2 | 430 | / | 0 |
| Ziggurat | 4 | 600 | / | 200 |
| Altar of Darkness | 1 | 180 | / | 50 |
| Tomb of Relics | 1 | 130 | / | 30 |
| Slaughterhouse | 2 | 280 | / | 270 |
| Halls of the Dead | 1 | 320 | / | 210 |
| Black Citadel | 1 | 325 | / | 230 |
| total: | 11 | 1820g | / | 600w |
| 0:04 | Acolyte |
| 0:04 | Acolyte |
| 0:16 | Crypt |
| 0:18 | Graveyard |
| 0:21 | Graveyard |
| 0:38 | Ziggurat |
| 0:57 | Altar of Darkness |
| 1:18 | Ghoul |
| 1:41 | Crypt Fiend |
| 1:46 | Ziggurat |
| 2:01 | Tomb of Relics |
| 2:23 | Crypt Fiend |
| 2:39 | Nerubian Tower |
| 2:56 | Crypt Fiend |
| 2:59 | Death Coil |
| 3:09 | Rod of Necromancy |
| 3:31 | Crypt Fiend |
| 3:52 | Crypt Fiend |
| 4:30 | Dust of Appearance |
| 4:42 | Halls of the Dead |
| 4:59 | Ziggurat |
| 5:19 | Spirit Tower |
| 5:29 | Unholy Aura |
| 5:51 | Goblin Shredder |
| 6:03 | Creature Attack |
| 7:35 | Crypt Fiend |
| 7:38 | Potion of Healing |
| 7:47 | Black Citadel |
| 8:00 | Slaughterhouse |
| 8:05 | Burrow |
| 8:12 | Web |
| 8:39 | Ziggurat |
| 9:02 | Frost Armor |
| 9:11 | Potion of Healing |
| 9:49 | Obsidian Statue |
| 9:50 | Meat Wagon |
| 9:55 | Slaughterhouse |
| 10:07 | Goblin Zeppelin |
| 10:43 | Disease Cloud |
| 10:55 | Acolyte |
| 10:55 | Acolyte |
| 10:56 | Acolyte |
| 10:56 | Acolyte |
| 10:56 | Acolyte |
| 11:01 | Meat Wagon |
| Right click | 592 |
| Select group | 313 |
| Select | 224 |
| Chat | 135 |
| Build/train/purchase | 44 |
| Assign group | 31 |
| Use ability | 16 |
| Minimap ping | 7 |
| Misc. action | 3 |
| Remove unit | 2 |


| Wisp | 17 | 1020 | / | 0 |
| Archer | 8 | 1040 | / | 80 |
| Mountain Giant | 4 | 1400 | / | 400 |
| Goblin Shredder | 1 | 375 | / | 100 |
| Goblin Zeppelin | 2 | 480 | / | 120 |
| total: | 32 | 4315g | / | 700w |
| Altar of Elders | 1 | 180 | / | 50 |
| Moon Well | 5 | 900 | / | 200 |
| Ancient of War | 1 | 150 | / | 60 |
| Tree of Life | 1 | 340 | / | 185 |
| Hunter's Hall | 1 | 210 | / | 100 |
| Ancient of Wonders | 1 | 90 | / | 30 |
| Ancient of Lore | 3 | 465 | / | 435 |
| Ancient of Wind | 1 | 150 | / | 140 |
| Tree of Ages | 1 | 320 | / | 180 |
| Tree of Eternity | 1 | 330 | / | 200 |
| total: | 14 | 2485g | / | 1200w |
| 0:03 | Wisp |
| 0:03 | Wisp |
| 0:08 | Altar of Elders |
| 0:12 | Moon Well |
| 0:28 | Wisp |
| 0:34 | Ancient of War |
| 0:42 | Wisp |
| 1:11 | Moon Well |
| 1:16 | Wisp |
| 1:27 | Wisp |
| 1:38 | Archer |
| 1:44 | Wisp |
| 1:50 | Archer |
| 2:10 | Moon Well |
| 2:13 | Force of Nature |
| 2:27 | Archer |
| 2:43 | Archer |
| 2:52 | Archer |
| 2:56 | Wisp |
| 3:11 | Moon Well |
| 3:39 | Entangling Roots |
| 3:50 | Tree of Life |
| 4:01 | Archer |
| 4:09 | Wisp |
| 4:22 | Archer |
| 4:44 | Tree of Ages |
| 4:55 | Archer |
| 5:24 | Force of Nature |
| 5:30 | Goblin Shredder |
| 5:46 | Hunter's Hall |
| 6:08 | Ancient of Wonders |
| 6:19 | Wisp |
| 6:19 | Wisp |
| 6:19 | Wisp |
| 6:20 | Wisp |
| 6:20 | Wisp |
| 6:20 | Wisp |
| 7:01 | Wisp |
| 7:15 | Ancient of Lore |
| 7:18 | Ancient of Lore |
| 7:22 | Wisp |
| 7:47 | Entangling Roots |
| 7:57 | Tree of Eternity |
| 8:08 | Goblin Zeppelin |
| 8:13 | Nature's Blessing |
| 8:26 | Ancient of Wind |
| 8:45 | Mountain Giant |
| 9:27 | Mountain Giant |
| 9:31 | Moon Well |
| 10:17 | Mountain Giant |
| 10:35 | Goblin Zeppelin |
| 10:41 | Scout |
| 10:49 | Hardened Skin |
| 10:49 | Resistant Skin |
| 10:52 | Ancient of Lore |
| 11:26 | Mountain Giant |
| 11:49 | Wind Walk |
| Select group | 774 |
| Right click | 593 |
| Select | 212 |
| Build/train/purchase | 54 |
| Assign group | 25 |
| Use ability | 21 |
| Minimap ping | 4 |
| Item give/drop | 1 |

| Acolyte | 9 | 675 | / | 0 |
| Ghoul | 3 | 360 | / | 0 |
| Gargoyle | 6 | 1050 | / | 180 |
| total: | 18 | 2085g | / | 180w |
| Spirit Tower | 1 | 145 | / | 40 |
| Altar of Darkness | 1 | 180 | / | 50 |
| Ziggurat | 5 | 750 | / | 250 |
| Graveyard | 1 | 215 | / | 0 |
| Crypt | 3 | 600 | / | 150 |
| Halls of the Dead | 1 | 320 | / | 210 |
| total: | 10 | 1745g | / | 450w |
| 0:10 | Acolyte |
| 0:10 | Acolyte |
| 0:26 | Altar of Darkness |
| 0:30 | Ziggurat |
| 0:35 | Acolyte |
| 1:09 | Graveyard |
| 1:15 | Crypt |
| 1:34 | Ziggurat |
| 2:17 | Ghoul |
| 2:18 | Ghoul |
| 2:35 | Ghoul |
| 2:40 | Ziggurat |
| 2:56 | Death Coil |
| 3:42 | Spirit Tower |
| 4:03 | Acolyte |
| 4:03 | Acolyte |
| 4:03 | Acolyte |
| 4:03 | Acolyte |
| 4:29 | Acolyte |
| 5:07 | Acolyte |
| 5:36 | Halls of the Dead |
| 5:58 | Crypt |
| 6:18 | Crypt |
| 6:47 | Creature Attack |
| 7:40 | Creature Carapace |
| 7:58 | Gargoyle |
| 8:09 | Ziggurat |
| 8:33 | Gargoyle |
| 9:01 | Gargoyle |
| 9:07 | Improved Creature Attack |
| 9:28 | Gargoyle |
| 10:44 | Gargoyle |
| 11:23 | Gargoyle |
| 11:30 | Ziggurat |
| Right click | 213 |
| Chat | 152 |
| Select | 95 |
| Build/train/purchase | 25 |
| Minimap ping | 8 |
| Use ability | 1 |

| Peon | 9 | 675 | / | 0 |
| Grunt | 9 | 1800 | / | 0 |
| Demolisher | 2 | 440 | / | 100 |
| total: | 20 | 2915g | / | 100w |
| Altar of Storms | 1 | 180 | / | 50 |
| Orc Burrow | 5 | 800 | / | 200 |
| Barracks | 1 | 180 | / | 50 |
| War Mill | 1 | 205 | / | 0 |
| Stronghold | 1 | 315 | / | 190 |
| Fortress | 1 | 325 | / | 190 |
| total: | 8 | 1365g | / | 300w |
| 0:08 | Altar of Storms |
| 0:11 | Orc Burrow |
| 0:12 | Peon |
| 0:12 | Peon |
| 0:43 | Peon |
| 0:55 | Peon |
| 1:11 | Barracks |
| 1:15 | Peon |
| 1:30 | Peon |
| 1:44 | Orc Burrow |
| 1:50 | Orc Burrow |
| 2:01 | Peon |
| 2:22 | Grunt |
| 2:25 | Critical Strike |
| 2:32 | War Mill |
| 2:39 | Peon |
| 2:55 | Grunt |
| 3:16 | Grunt |
| 3:46 | Stronghold |
| 4:00 | Steel Melee Weapons |
| 4:29 | Grunt |
| 4:55 | Grunt |
| 5:05 | Orc Burrow |
| 5:07 | Steel Armor |
| 5:30 | Grunt |
| 6:12 | Grunt |
| 6:14 | Thorium Melee Weapons |
| 6:42 | Grunt |
| 7:13 | Pillage |
| 7:17 | Demolisher |
| 7:53 | Thorium Armor |
| 7:59 | Orc Burrow |
| 8:04 | Demolisher |
| 9:37 | Grunt |
| 9:42 | Peon |
| 10:01 | Fortress |
| 10:03 | Steel Ranged Weapons |
| Right click | 151 |
| Select | 119 |
| Build/train/purchase | 30 |
| Chat | 26 |
| Use ability | 1 |
| Minimap ping | 1 |
78 units @ 8.1k
/ 0.9k
161 buildings @ 14.2k
/ 7.7k
⇛
iggythefisk
(12:41) : 
| Healing Salve | 2 | 200 |
| Scroll of Speed | 1 | 50 |
| Lesser Clarity Potion | 4 | 280 |
| Potion of Healing | 1 | 150 |
| Orb of Lightning | 1 | 375 |
| Potion of Mana | 1 | 200 |
| Boots of Speed | 1 | 250 |
| Staff of Teleportation | 1 | 150 |
| total: | 12 | 1655g |
| Peon | 14 | 1050 | / | 0 |
| Troll Batrider | 3 | 480 | / | 120 |
| Goblin Zeppelin | 1 | 240 | / | 60 |
| total: | 18 | 1770g | / | 180w |
| Watch Tower | 9 | 990 | / | 720 |
| Altar of Storms | 1 | 180 | / | 50 |
| Orc Burrow | 2 | 320 | / | 80 |
| Voodoo Lounge | 1 | 130 | / | 30 |
| War Mill | 1 | 205 | / | 0 |
| Great Hall | 2 | 770 | / | 370 |
| Beastiary | 1 | 145 | / | 140 |
| Stronghold | 1 | 315 | / | 190 |
| Fortress | 1 | 325 | / | 190 |
| total: | 17 | 2740g | / | 1390w |
| 0:01 | Peon |
| 0:04 | Altar of Storms |
| 0:10 | Peon |
| 0:18 | Orc Burrow |
| 0:28 | Peon |
| 0:38 | Peon |
| 0:54 | Voodoo Lounge |
| 0:58 | Peon |
| 1:09 | War Mill |
| 1:24 | Peon |
| 1:41 | Peon |
| 1:49 | Peon |
| 2:00 | Peon |
| 2:06 | Wind Walk |
| 2:21 | Watch Tower |
| 2:23 | Healing Salve |
| 2:24 | Scroll of Speed |
| 2:27 | Lesser Clarity Potion |
| 2:29 | Lesser Clarity Potion |
| 2:42 | Peon |
| 3:25 | Watch Tower |
| 3:44 | Stronghold |
| 4:34 | Watch Tower |
| 5:28 | Watch Tower |
| 5:59 | Critical Strike |
| 6:02 | Orc Burrow |
| 6:11 | Great Hall |
| 6:52 | Watch Tower |
| 7:26 | Potion of Healing |
| 7:36 | Great Hall |
| 7:41 | Lesser Clarity Potion |
| 7:42 | Healing Salve |
| 7:54 | Fortress |
| 7:57 | Beastiary |
| 8:15 | Watch Tower |
| 8:16 | Watch Tower |
| 8:51 | Goblin Zeppelin |
| 9:17 | Troll Batrider |
| 9:23 | Boots of Speed |
| 9:23 | Staff of Teleportation |
| 9:29 | Lesser Clarity Potion |
| 9:30 | Orb of Lightning |
| 10:03 | Wind Walk |
| 10:19 | Troll Batrider |
| 10:48 | Watch Tower |
| 10:49 | Watch Tower |
| 10:51 | Peon |
| 10:51 | Peon |
| 10:51 | Peon |
| 10:51 | Peon |
| 11:00 | Potion of Mana |
| 12:22 | Troll Batrider |
| Right click | 741 |
| Assign group | 634 |
| Chat | 325 |
| Select group | 139 |
| Select | 91 |
| Build/train/purchase | 68 |
| Resource trade | 31 |
| Use ability | 7 |
| Item give/drop | 3 |

| Healing Salve | 1 | 100 |
| Lesser Clarity Potion | 1 | 70 |
| Orb of Lightning | 1 | 375 |
| Boots of Speed | 1 | 250 |
| Staff of Teleportation | 1 | 150 |
| total: | 5 | 945g |
| Peon | 15 | 1125 | / | 0 |
| Troll Batrider | 2 | 320 | / | 80 |
| Goblin Shredder | 1 | 375 | / | 100 |
| Goblin Zeppelin | 1 | 240 | / | 60 |
| total: | 19 | 2060g | / | 240w |
| Watch Tower | 21 | 2310 | / | 1680 |
| Altar of Storms | 1 | 180 | / | 50 |
| Orc Burrow | 3 | 480 | / | 120 |
| War Mill | 1 | 205 | / | 0 |
| Voodoo Lounge | 1 | 130 | / | 30 |
| Great Hall | 1 | 385 | / | 185 |
| Beastiary | 3 | 435 | / | 420 |
| Stronghold | 1 | 315 | / | 190 |
| Fortress | 1 | 325 | / | 190 |
| total: | 31 | 4125g | / | 2485w |
| 0:02 | Peon |
| 0:02 | Peon |
| 0:05 | Altar of Storms |
| 0:18 | Orc Burrow |
| 0:20 | Peon |
| 0:34 | Peon |
| 0:44 | War Mill |
| 0:48 | Peon |
| 0:54 | Peon |
| 1:13 | Peon |
| 1:21 | Peon |
| 1:30 | Peon |
| 1:37 | Orc Burrow |
| 1:41 | Peon |
| 1:56 | Watch Tower |
| 2:02 | Peon |
| 2:10 | Peon |
| 2:24 | Acid Bomb |
| 2:30 | Peon |
| 2:41 | Watch Tower |
| 2:50 | Peon |
| 2:53 | Peon |
| 3:03 | Watch Tower |
| 3:41 | Stronghold |
| 3:51 | Watch Tower |
| 4:09 | Watch Tower |
| 4:33 | Boots of Speed |
| 4:33 | Staff of Teleportation |
| 4:43 | Watch Tower |
| 5:15 | Watch Tower |
| 5:17 | Watch Tower |
| 5:30 | Healing Salve |
| 5:50 | Watch Tower |
| 6:12 | Fortress |
| 6:18 | Watch Tower |
| 6:20 | Reinforced Defenses |
| 6:35 | Chemical Rage |
| 6:44 | Watch Tower |
| 7:05 | Watch Tower |
| 7:13 | Beastiary |
| 7:43 | Lesser Clarity Potion |
| 7:50 | Watch Tower |
| 8:12 | Watch Tower |
| 8:35 | Voodoo Lounge |
| 9:00 | Great Hall |
| 9:03 | Watch Tower |
| 9:09 | Watch Tower |
| 9:40 | Watch Tower |
| 9:46 | Beastiary |
| 9:54 | Troll Batrider |
| 10:17 | Goblin Shredder |
| 10:24 | Goblin Zeppelin |
| 10:46 | Watch Tower |
| 10:53 | Orb of Lightning |
| 11:02 | Orc Burrow |
| 11:17 | Watch Tower |
| 11:31 | Beastiary |
| 12:13 | Watch Tower |
| 12:19 | Troll Batrider |
| 12:21 | Watch Tower |
| Right click | 861 |
| Select | 202 |
| Build/train/purchase | 43 |
| Select group | 26 |
| Misc. action | 22 |
| Use ability | 16 |
| Assign group | 4 |
| Remove unit | 3 |
| Item give/drop | 2 |
| Minimap ping | 2 |
| Esc | 1 |


| Potion of Healing | 1 | 150 |
| Lesser Clarity Potion | 2 | 140 |
| Staff of Teleportation | 1 | 150 |
| Boots of Speed | 1 | 250 |
| Healing Salve | 2 | 200 |
| total: | 7 | 890g |
| Peasant | 16 | 1200 | / | 0 |
| total: | 16 | 1200g | / | 0w |
| Scout Tower | 77 | 2310 | / | 1540 |
| Arcane Tower | 7 | 490 | / | 350 |
| Guard Tower | 57 | 3990 | / | 2850 |
| Altar of Kings | 1 | 180 | / | 50 |
| Farm | 4 | 320 | / | 80 |
| Lumber Mill | 1 | 120 | / | 0 |
| Arcane Sanctum | 1 | 150 | / | 140 |
| Keep | 2 | 640 | / | 420 |
| Castle | 1 | 360 | / | 210 |
| total: | 84 | 3080g | / | 1810w |
| 0:02 | Peasant |
| 0:02 | Peasant |
| 0:07 | Altar of Kings |
| 0:12 | Peasant |
| 0:23 | Farm |
| 0:28 | Peasant |
| 0:43 | Farm |
| 0:45 | Peasant |
| 0:48 | Peasant |
| 0:51 | Peasant |
| 1:01 | Peasant |
| 1:23 | Scout Tower |
| 1:25 | Scout Tower |
| 1:28 | Lumber Mill |
| 1:29 | Peasant |
| 1:35 | Scout Tower |
| 1:38 | Peasant |
| 1:44 | Peasant |
| 1:47 | Peasant |
| 1:51 | Arcane Tower |
| 1:52 | Scout Tower |
| 1:59 | Scout Tower |
| 2:02 | Arcane Tower |
| 2:05 | Blizzard |
| 2:10 | Peasant |
| 2:10 | Peasant |
| 2:17 | Scout Tower |
| 2:21 | Scout Tower |
| 2:29 | Guard Tower |
| 2:30 | Scout Tower |
| 2:32 | Scout Tower |
| 2:35 | Peasant |
| 2:36 | Peasant |
| 2:45 | Guard Tower |
| 2:46 | Scout Tower |
| 2:47 | Scout Tower |
| 2:47 | Scout Tower |
| 2:47 | Scout Tower |
| 2:49 | Guard Tower |
| 2:51 | Scout Tower |
| 2:53 | Scout Tower |
| 2:57 | Guard Tower |
| 2:58 | Scout Tower |
| 2:58 | Scout Tower |
| 2:59 | Guard Tower |
| 3:43 | Guard Tower |
| 3:45 | Keep |
| 3:46 | Guard Tower |
| 3:52 | Guard Tower |
| 4:06 | Scout Tower |
| 4:07 | Scout Tower |
| 4:10 | Scout Tower |
| 4:11 | Scout Tower |
| 4:11 | Scout Tower |
| 4:11 | Scout Tower |
| 4:19 | Improved Masonry |
| 4:19 | Advanced Masonry |
| 4:33 | Guard Tower |
| 4:42 | Healing Salve |
| 4:47 | Guard Tower |
| 4:49 | Scout Tower |
| 4:49 | Scout Tower |
| 4:50 | Scout Tower |
| 4:54 | Guard Tower |
| 4:58 | Scout Tower |
| 4:59 | Scout Tower |
| 4:59 | Scout Tower |
| 5:00 | Scout Tower |
| 5:01 | Scout Tower |
| 5:01 | Scout Tower |
| 5:39 | Guard Tower |
| 5:44 | Scout Tower |
| 5:44 | Scout Tower |
| 5:44 | Scout Tower |
| 5:45 | Scout Tower |
| 5:46 | Scout Tower |
| 5:46 | Scout Tower |
| 5:47 | Scout Tower |
| 5:47 | Scout Tower |
| 5:55 | Guard Tower |
| 6:01 | Scout Tower |
| 6:01 | Guard Tower |
| 6:03 | Scout Tower |
| 6:03 | Scout Tower |
| 6:11 | Arcane Tower |
| 6:13 | Guard Tower |
| 6:50 | Farm |
| 6:56 | Farm |
| 6:59 | Guard Tower |
| 7:01 | Scout Tower |
| 7:01 | Guard Tower |
| 7:13 | Staff of Teleportation |
| 7:13 | Boots of Speed |
| 7:28 | Guard Tower |
| 7:32 | Guard Tower |
| 7:34 | Guard Tower |
| 7:39 | Brilliance Aura |
| 7:39 | Guard Tower |
| 7:49 | Guard Tower |
| 7:54 | Guard Tower |
| 7:58 | Scout Tower |
| 7:59 | Scout Tower |
| 8:09 | Guard Tower |
| 8:10 | Imbued Masonry |
| 8:13 | Guard Tower |
| 8:16 | Scout Tower |
| 8:17 | Scout Tower |
| 8:17 | Scout Tower |
| 8:18 | Scout Tower |
| 8:18 | Scout Tower |
| 8:18 | Scout Tower |
| 8:19 | Scout Tower |
| 8:19 | Scout Tower |
| 8:24 | Storm Bolt |
| 8:28 | Guard Tower |
| 8:28 | Guard Tower |
| 8:46 | Scout Tower |
| 8:49 | Scout Tower |
| 8:49 | Scout Tower |
| 8:50 | Scout Tower |
| 9:18 | Potion of Healing |
| 9:57 | Guard Tower |
| 9:57 | Guard Tower |
| 10:08 | Bash |
| 10:13 | Castle |
| 10:26 | Scout Tower |
| 10:26 | Scout Tower |
| 10:27 | Scout Tower |
| 10:27 | Scout Tower |
| 10:29 | Scout Tower |
| 10:29 | Scout Tower |
| 10:29 | Scout Tower |
| 10:30 | Arcane Tower |
| 10:37 | Lesser Clarity Potion |
| 10:56 | Guard Tower |
| 10:57 | Guard Tower |
| 10:57 | Guard Tower |
| 11:22 | Healing Salve |
| 11:22 | Lesser Clarity Potion |
| 11:23 | Guard Tower |
| 11:36 | Arcane Sanctum |
| 11:48 | Scout Tower |
| 11:48 | Scout Tower |
| 11:49 | Scout Tower |
| 11:49 | Scout Tower |
| 11:50 | Scout Tower |
| 11:50 | Scout Tower |
| 12:15 | Guard Tower |
| 12:16 | Scout Tower |
| 12:17 | Scout Tower |
| 12:17 | Scout Tower |
| 12:17 | Scout Tower |
| 12:17 | Scout Tower |
| 12:18 | Scout Tower |
| 12:28 | Guard Tower |
| Right click | 941 |
| Select | 343 |
| Build/train/purchase | 217 |
| Select group | 88 |
| Chat | 80 |
| Use ability | 22 |
| Minimap ping | 7 |
| Assign group | 6 |
| Item give/drop | 5 |
| Remove unit | 3 |
ChuckleMan
(103)
(12:41) : 
| Lesser Clarity Potion | 5 | 350 |
| Healing Salve | 3 | 300 |
| Orb of Lightning | 1 | 375 |
| Staff of Teleportation | 1 | 150 |
| Boots of Speed | 1 | 250 |
| total: | 11 | 1425g |
| Peon | 14 | 1050 | / | 0 |
| Troll Batrider | 9 | 1440 | / | 360 |
| Goblin Shredder | 1 | 375 | / | 100 |
| Goblin Zeppelin | 1 | 240 | / | 60 |
| total: | 25 | 3105g | / | 520w |
| Watch Tower | 9 | 990 | / | 720 |
| Altar of Storms | 1 | 180 | / | 50 |
| Orc Burrow | 6 | 960 | / | 240 |
| Voodoo Lounge | 7 | 910 | / | 210 |
| War Mill | 1 | 205 | / | 0 |
| Great Hall | 1 | 385 | / | 185 |
| Beastiary | 4 | 580 | / | 560 |
| Stronghold | 1 | 315 | / | 190 |
| Fortress | 1 | 325 | / | 190 |
| total: | 29 | 4210g | / | 1965w |
| 0:03 | Peon |
| 0:03 | Peon |
| 0:07 | Altar of Storms |
| 0:10 | Orc Burrow |
| 0:29 | Peon |
| 0:35 | Voodoo Lounge |
| 0:38 | Voodoo Lounge |
| 0:49 | Peon |
| 1:04 | Peon |
| 1:13 | War Mill |
| 1:16 | Peon |
| 1:29 | Peon |
| 1:36 | Voodoo Lounge |
| 1:46 | Peon |
| 1:59 | Peon |
| 2:06 | Wind Walk |
| 2:08 | Lesser Clarity Potion |
| 2:08 | Lesser Clarity Potion |
| 2:08 | Healing Salve |
| 2:09 | Healing Salve |
| 2:39 | Peon |
| 2:45 | Watch Tower |
| 3:31 | Watch Tower |
| 3:42 | Stronghold |
| 3:48 | Critical Strike |
| 3:50 | Orc Burrow |
| 3:55 | Voodoo Lounge |
| 4:46 | Great Hall |
| 4:56 | Voodoo Lounge |
| 5:07 | Staff of Teleportation |
| 5:07 | Boots of Speed |
| 5:44 | Voodoo Lounge |
| 5:47 | Spiked Barricades |
| 6:02 | Goblin Shredder |
| 6:33 | Fortress |
| 7:00 | Wind Walk |
| 7:12 | Voodoo Lounge |
| 7:14 | Lesser Clarity Potion |
| 7:14 | Healing Salve |
| 7:17 | Lesser Clarity Potion |
| 7:41 | Peon |
| 7:41 | Peon |
| 7:42 | Peon |
| 8:00 | Watch Tower |
| 8:03 | Beastiary |
| 8:18 | Beastiary |
| 8:21 | Beastiary |
| 8:22 | Peon |
| 9:06 | Troll Batrider |
| 9:08 | Watch Tower |
| 9:09 | Watch Tower |
| 9:27 | Reinforced Defenses |
| 9:33 | Goblin Zeppelin |
| 10:12 | Beastiary |
| 10:16 | Orc Burrow |
| 10:24 | Troll Batrider |
| 10:29 | Orb of Lightning |
| 10:40 | Orc Burrow |
| 10:44 | Watch Tower |
| 10:45 | Watch Tower |
| 10:47 | Watch Tower |
| 10:55 | Lesser Clarity Potion |
| 11:09 | Orc Burrow |
| 11:15 | Troll Batrider |
| 11:15 | Troll Batrider |
| 11:17 | Orc Burrow |
| 11:19 | Troll Batrider |
| 11:20 | Troll Batrider |
| 11:30 | Liquid Fire |
| 11:31 | Improved Spiked Barricades |
| 11:33 | Watch Tower |
| 12:27 | Troll Batrider |
| 12:34 | Troll Batrider |
| 12:34 | Troll Batrider |
| Right click | 611 |
| Select group | 164 |
| Build/train/purchase | 108 |
| Select | 108 |
| Chat | 36 |
| Resource trade | 28 |
| Misc. action | 22 |
| Assign group | 18 |
| Use ability | 13 |
| Item give/drop | 4 |
| Minimap ping | 1 |